 Dungeon Crawl Stone Soup version 0.21-a0-71-g5e5ddd2 (webtiles) character file.

191228 KristoblXynda the Fetichist (level 18, -6/110 HPs)
             Began as a Kobold Assassin on June 18, 2017.
             Was the Champion of Ashenzari.
             Mangled by a harpy (12 damage)
             ... on level 4 of the Shoals on June 19, 2017.
             The game lasted 02:34:44 (41583 turns).

KristoblXynda the Fetichist (Kobold Assassin)      Turns: 41583, Time: 02:34:45

Health: -6/110     AC: 13    Str: 10      XL:     18   Next: 86%
Magic:  19/35      EV: 24    Int: 18 (19) God:    Ashenzari [******]
Gold:   1859       SH:  9    Dex: 21      Spells: 24/44 levels left

rFire    + + .     SeeInvis +   i - +9 dagger of the Queen {speed, MR++} (curse)
rCold    . . .     Gourm    .   I - +1 buckler (curse)
rNeg     . . .     Faith    .   F - +3 leather armour {rF+} (curse)
rPois    .         Spirit   .   (helmet restricted)
rElec    .         Reflect  .   d - +0 cloak (curse)
rCorr    .         Harm     .   G - +2 pair of gloves (curse)
MR       +++..     Clarity  +   q - +1 pair of boots of the Great Game {Dex+3} (curse)
Stlth    ++++......             (no amulet)
HPRegen  1.28/turn              K - +2 ring of intelligence (curse)
MPRegen  0.24/turn              N - ring of protection from fire (curse)

@: about to teleport, regenerating (expiring), very slow
A: horns 1, carnivore 3, deterioration 1
}: 1/15 runes: gossamer
a: Curse Item, Scrying, Transfer Knowledge, Renounce Religion


You were on level 4 of the Shoals.
You worshipped Ashenzari.
Ashenzari was exalted by your worship.
You were not hungry.

You visited 6 branches of the dungeon, and saw 32 of its levels.
You also visited: Ossuary.

You collected 3740 gold pieces.
You spent 1881 gold pieces at shops.

Inventory:

Hand Weapons
 i - the cursed +9 dagger of the Queen (weapon) {speed, MR++}
   (You bought it in a shop on level 4 of the Dungeon)

   Attacks with this weapon are significantly faster.
   It affects your resistance to hostile enchantments.
   It has a curse placed upon it.
Missiles
 B - 2 throwing nets (quivered)
Armour
 d - a cursed +0 cloak (worn)
 q - the cursed +1 pair of boots of the Great Game (worn) {Dex+3}
   (You acquired it on level 2 of the Orcish Mines)

   It affects your dexterity (+3).
   It has a curse placed upon it.
 F - a cursed +3 leather armour of fire resistance (worn)
 G - a cursed +2 pair of gloves (worn)
 I - a cursed +1 buckler (worn)
Jewellery
 K - a cursed +2 ring of intelligence (left hand)
 N - a cursed ring of protection from fire (right hand)
Wands
 l - a wand of digging (3/24)
 r - a wand of acid (0/15)
 z - a wand of acid (0/15)
Scrolls
 a - a scroll of magic mapping
 f - 2 scrolls of immolation
 n - 5 scrolls of teleportation
 s - 14 scrolls of identify
 x - 2 scrolls of enchant armour
 H - 3 scrolls of remove curse
Potions
 b - a potion of agility
 e - 2 potions of invisibility
 h - 3 potions of brilliance
 j - 4 potions of might
 m - a potion of ambrosia
 o - 2 potions of haste
 p - 4 potions of resistance
 t - 2 potions of magic
 w - 3 potions of mutation
 Q - 2 potions of flight
Books
 c - the Collected Works on Summoning and Conjuration
   (You found it on level 4 of the Shoals)

   Spells                             Type                      Level
   a - Sting                          Conjuration/Poison           1
   b - Call Imp                       Summoning                    2
   c - Summon Forest                  Summoning/Translocation      5
   d - Iron Shot                      Conjuration/Earth            6
   e - Shadow Creatures               Summoning                    6
 v - a Young Poisoner's Handbook

   Spells                             Type                      Level
   a - Sting                          Conjuration/Poison           1
   b - Poisonous Vapours              Poison/Air                   2
   c - Mephitic Cloud                 Conjuration/Poison/Air       3
   d - Olgreb's Toxic Radiance        Poison                       4
   e - Venom Bolt                     Conjuration/Poison           5
Miscellaneous
 u - a phantom mirror
 E - a crystal ball of energy
Comestibles
 g - 17 meat rations
 k - 15 royal jellies


   Skills:
 - Level 11.5 Fighting
 - Level 8.7(13.1) Short Blades
 - Level 4.0 Throwing
 - Level 6.0 Armour
 - Level 7.8(10.9) Dodging
 - Level 14.1(16.7) Stealth
 - Level 5.3(8.3) Shields
 + Level 13.6 Spellcasting
 - Level 9.1(12.0) Hexes
 - Level 4.8(7.7) Charms
 - Level 5.7(8.7) Necromancy
 + Level 1.0(2.7) Translocations
 - Level 7.0(10.1) Transmutations
 + Level 10.8(13.6) Earth Magic
 + Level 16.2(18.7) Evocations


You had 24 spell levels left.
You knew the following spells:

 Your Spells              Type           Power        Failure   Level  Hunger
a - Confuse               Hex            ######..     1%          3    None
b - Regeneration          Chrm/Necr      #####.....   1%          3    None
c - Petrify               Tmut/Erth      ######..     1%          4    #......
d - Lee's Rapid Deconstr  Erth           ######....   1%          5    ####...
e - Summon Forest         Summ/Tloc      ###.......   71%         5    ####...


Dungeon Overview and Level Annotations

Branches:
Dungeon (15/15)            Temple (1/1) D:6            Lair (6/6) D:9
 Shoals (4/4) Lair:3       Spider (4/4) Lair:4        Slime (0/5) Lair:5
    Orc (2/2) D:10            Elf (0/3) Orc:2        Vaults (0/5) D:13
 Depths (0/5) D:15

Altars:
Ashenzari
Cheibriados
Dithmenos
Elyvilon
Fedhas
Gozag
Hepliaklqana
Kikubaaqudgha
Makhleb
Nemelex Xobeh
Okawaru
Qazlal
Ru
Sif Muna
Trog
Uskayaw
Vehumet
Wu Jian
Xom
Yredelemnul
Zin
The Shining One
Beogh
Jiyva

Shops:
D:4 (   D:13 }   Orc:2 *?([

Annotations:
Lair:5 1 runed door
Shoals:3 Mara


Innate Abilities, Weirdness & Mutations

You are small and have problems with some larger weapons.
You are carnivorous and can eat meat at any time.
You have a pair of small horns on your head.
Your body sometimes deteriorates upon taking damage.


Message History

* * * LOW HITPOINT WARNING * * *
Found a stone staircase leading up.
A hippogriff and a satyr come into view.
The harpy misses you. The harpy barely misses you.
Your skin is crawling a little less now.
The satyr shouts!
The harpy screeches! x4
The harpy completely misses you. The harpy closely misses you.
You block the harpy's attack. The harpy claws you!
* * * LOW HITPOINT WARNING * * *
The harpy claws you!
* * * LOW HITPOINT WARNING * * *
The harpy misses you. x2; The harpy completely misses you.
You block the harpy's attack. The harpy claws you.
* * * LOW HITPOINT WARNING * * *
The sea snake hisses angrily.
A merfolk comes into view. It is wielding a trident.
The merfolk shouts!
You hear a shout!
As you read the scroll of teleportation, it crumbles to dust.
You feel strangely unstable. The harpy claws you!
You die...

≈≈ ≈ ≈ ≈,,*, , , ,, ≈ *
**≈ ≈
≈≈≈≈≈≈≈S..m≈........,*≈
* ≈
≈≈≈≈≈≈≈.............*
*≈≈ ≈≈ ≈
≈≈≈≈≈≈c...........#, ≈
*≈,
≈≈≈≈≈≈≈≈≈≈≈≈..H......# ≈
≈ ≈ ,
≈≈≈≈≈≈≈≈≈≈≈≈≈≈≈....≈# ≈
≈**≈,
,,≈≈≈≈≈≈≈≈≈≈≈H≈≈≈≈≈...≈#
≈* *≈ ≈
≈≈≈≈≈≈≈≈≈≈≈≈HH≈≈...≈#≈
≈≈, * ≈
≈≈≈≈≈≈≈≈≈≈≈H@≈≈..<≈# ,,
≈ ≈≈
≈≈≈≈≈≈≈≈≈≈≈H≈≈≈≈≈≈≈**
≈≈≈≈
≈≈≈≈≈≈≈≈≈≈≈≈≈≈≈≈≈≈≈≈≈≈≈
** *≈ ≈≈≈
≈≈≈≈≈≈≈≈≈≈≈≈≈≈≈≈≈≈≈≈ ≈≈
≈≈ ≈≈≈≈
≈≈≈≈≈≈≈≈≈≈≈≈≈≈≈≈≈≈≈≈
≈≈≈≈ ≈
≈≈≈≈≈≈≈≈≈≈≈≈≈≈≈≈≈≈≈ ≈ ≈
≈ ≈ ≈
≈≈≈≈≈≈≈≈≈≈≈≈≈≈≈≈≈≈≈≈ ≈≈≈
≈ ≈ **
*###################*
*****


You could see a satyr, a sea snake, a merfolk, a hippogriff and 5 harpies.

Vanquished Creatures
  Rupert (D:14)
  Frances (Shoals:2)
  Ilsuiw (Shoals:4)
  A tengu reaver (D:15)
  A fire giant (D:15)
  3 ghost moths
  5 emperor scorpions
  5 entropy weavers
  Nessos (Lair:6)
  A dire elephant (Lair:6)
  7 merfolk javelineers
  2 ettins (Orc:1)
  A fire dragon (Lair:6)
  4 merfolk impalers
  3 hydras
  A catoblepas (Lair:6)
  2 dancing weapons (D:13)
  A death knight (D:15)
  3 death yaks (Lair:6)
  A tengu warrior (D:15)
  2 alligator snapping turtles (Shoals:2)
  3 centaur warriors
  2 merfolk aquamancers
  3 two-headed ogres
  A queen ant (Lair:5)
  A vampire mage (D:15)
  An orc high priest (Orc:2)
  Urug (D:14)
  Sonja (D:15)
  5 skeletal warriors
  2 sea snakes
  2 unseen horrors (D:12)
  2 wizards (D:7)
  A swamp dragon (Lair:6)
  Pikel (D:7)
  A lindwurm (Lair:6)
  A phantasmal warrior (D:15)
  An orc knight (D:15)
  A necromancer (D:15)
  10 manticores
  5 oklob plants
  20 orb spiders
  3 cyclopes
  An orc sorcerer (D:7)
  15 wolf spiders
  A deep elf mage (D:14)
  16 ugly things
  2 moths of wrath
  The ghost of HAL9000 the Cudgeler, a novice OgHu (D:4)
  A guardian serpent (shapeshifter) (D:15)
  14 elephants
  6 merfolk sirens
  6 black mambas
  4 water nymphs
  A torpor snail (Lair:6)
  6 spiny frogs
  A kobold demonologist (D:12)
  8 komodo dragons
  2 rime drakes (Lair:6)
  8 demonic crawlers
  A freezing wraith (D:15)
  An efreet (D:15)
  24 merfolk
  9 hornets
  A wind drake (Shoals:2)
  23 jumping spiders
  3 trolls
  2 polar bears (Lair:6)
  14 blink frogs
  A queen bee (Lair:3)
  4 snapping turtles
  14 hippogriffs
  A fire dragon zombie (D:15)
  A spriggan zombie (D:15)
  An ettin zombie (D:15)
  A dream sheep (shapeshifter) (D:15)
  9 dream sheep
  A centaur simulacrum (D:15)
  3 shadows
  36 tarantellas
  Sigmund (D:5)
  An ettin skeleton (D:15)
  53 redbacks
  2 wraiths
  5 water elementals
  Grum (D:8)
  3 wyverns
  A yak (shapeshifter) (D:15)
  42 yaks
  A human (D:10)
  2 hungry ghosts
  3 steam dragons
  5 basilisks
  3 vampire mosquitoes (D:13)
  3 wargs
  23 soldier ants (Lair:5)
  3 acid dragons
  15 water moccasins
  6 porcupines
  2 swamp drakes (Lair:6)
  2 slaves (D:7)
  4 ice beasts
  3 black bears
  A meliai simulacrum (D:14)
  23 orc warriors
  An eye of draining (D:12)
  12 ogres
  4 boggarts (Lair:6)
  A sky beast (D:8)
  4 phantoms
  A necrophage (D:10)
  8 centaurs
  21 wolves
  15 crocodiles
  4 big kobolds
  22 bullfrogs
  A gnoll sergeant (D:7)
  A wyvern zombie (D:11)
  A water moccasin skeleton (D:4)
  3 scorpions
  A howler monkey (D:5)
  57 killer bees
  2 electric eels
  4 wights (D:10)
  10 crimson imps
  8 centaur zombies
  A bullfrog zombie (D:12)
  Crazy Yiuf (D:2)
  5 hounds
  9 jellies
  19 orc priests
  24 orc wizards
  A bullfrog skeleton (D:8)
  8 centaur skeletons
  Ijyb (D:4)
  Terence (D:3)
  28 worker ants
  7 hell rats (Lair:5)
  3 mummies (Ossuary)
  10 gnolls
  A howler monkey skeleton (D:9)
  14 adders
  3 shadow imps
  An adder zombie (D:4)
  3 adder skeletons
  A worm (shapeshifter) (D:10)
  2 worms
  5 dart slugs
  4 leopard geckos
  92 orcs
  4 giant cockroaches
  45 goblins
  35 hobgoblins
  20 jackals
  18 kobolds
  6 quokkas
  A ball python (D:1)
  6 bats
  5 frilled lizards
  A gnoll zombie (Ossuary)
  4 goblin zombies
  2 orc zombies (Ossuary)
  10 rats
1148 creatures vanquished.

Vanquished Creatures (collateral kills)
  An orc warlord (Orc:2)
  An entropy weaver (Spider:4)
  A skeletal warrior (D:14)
  3 orb spiders
  7 wolf spiders
  An orc sorcerer (Orc:2)
  3 demonic crawlers
  14 jumping spiders
  13 redbacks
  6 tarantellas
  7 orc warriors (Orc:2)
  A centaur (D:14)
  A crocodile (Lair:6)
  2 killer bees (D:12)
  A crimson imp (D:14)
  4 orc priests
  An orc wizard (Orc:2)
  9 orcs (Orc:2)
76 creatures vanquished.

Vanquished Creatures (others)
  A yak (D:10)
  A sky beast (D:12)
  2 slaves (D:7)
  A crimson imp (D:7)
  An adder (D:7)
  4 orcs (D:7)
  2 bushes
  16 fungi
  32 plants
  A withered plant (D:15)
61 creatures vanquished.

Grand Total: 1285 creatures vanquished

Notes
Turn   | Place    | Note
-------+----------+-------------------------------------------
     0 | D:1      | KristoblXynda the Kobold Assassin began the quest for the Orb.
     0 | D:1      | Reached XP level 1. HP: 12/12 MP: 1/1
    30 | D:1      | Upgraded the game from 0.21-a0-70-g32e1473 to 0.21-a0-71-g5e5ddd2
   112 | D:1      | Reached XP level 2. HP: 17/17 MP: 2/2
   462 | D:1      | Reached XP level 3. HP: 15/21 MP: 3/3
   886 | D:2      | HP: 1/21 [worm (11)]
  1182 | D:2      | Reached XP level 4. HP: 25/26 MP: 4/4
  1630 | D:2      | Found a runed door.
  1860 | D:2      | Noticed Crazy Yiuf
  1864 | D:2      | Killed Crazy Yiuf
  1864 | D:2      | Reached XP level 5. HP: 30/30 MP: 5/5
  2511 | D:3      | Noticed Terence
  2521 | D:3      | Killed Terence
  2600 | D:3      | Reached skill level 5 in Short Blades
  2675 | D:3      | Reached XP level 6. HP: 5/35 MP: 6/6
  3085 | D:3      | Reached skill level 1 in Evocations
  3220 | D:4      | Found a sand-covered staircase.
  3232 | Ossuary  | Entered an ossuary
  3681 | D:4      | Found Ahuann's Weapon Shop.
  3783 | D:4      | Reached skill level 1 in Armour
  3783 | D:4      | Reached skill level 2 in Evocations
  3783 | D:4      | Reached XP level 7. HP: 40/40 MP: 8/8
  4114 | D:4      | Noticed Ijyb
  4126 | D:4      | Killed Ijyb
  4308 | D:4      | Noticed HAL9000's ghost (novice OgHu)
  4321 | D:4      | Killed HAL9000's ghost
  4321 | D:4      | Reached skill level 5 in Dodging
  4321 | D:4      | Reached skill level 3 in Evocations
  4321 | D:4      | Reached XP level 8. HP: 21/44 MP: 8/10
  4706 | D:5      | Entered Level 5 of the Dungeon
  4730 | D:5      | Reached skill level 4 in Evocations
  5948 | D:5      | Reached skill level 5 in Evocations
  5994 | D:5      | Noticed Sigmund
  5996 | D:5      | Killed Sigmund
  5996 | D:5      | Reached XP level 9. HP: 48/48 MP: 12/12
  6505 | D:6      | Learned a level 3 spell: Confuse
  6505 | D:6      | Found a staircase to the Ecumenical Temple.
  6519 | Temple   | Entered the Ecumenical Temple
  7001 | D:6      | Reached skill level 10 in Stealth
  7186 | D:6      | Reached skill level 6 in Evocations
  7355 | D:6      | Reached skill level 1 in Hexes
  7661 | Temple   | Became a worshipper of Ashenzari the Shackled
  7722 | D:7      | Noticed Pikel
  7795 | D:7      | Paralysed by Pikel for 3 turns
  7799 | D:7      | Killed Pikel
  7975 | D:7      | Gained mutation: Your magical capacity is low. (-10% MP) [potion of mutation]
  7975 | D:7      | Gained mutation: You have a pair of small antennae on your head. [potion of mutation]
  7975 | D:7      | Gained mutation: Your movements are slightly less encumbered by armour. (ER -2) [potion of mutation]
  8025 | D:7      | Reached XP level 10. HP: 53/53 MP: 13/13
  8126 | D:7      | Reached skill level 7 in Evocations
  8245 | D:7      | Noticed an orc sorcerer
  8247 | D:7      | Noticed a wizard
  8279 | D:7      | Noticed a sixfirhy
  8284 | D:7      | Killed an orc sorcerer
  8284 | D:7      | Reached skill level 5 in Armour
  8717 | D:7      | Noticed a wizard
  8723 | D:7      | Killed a wizard
  9043 | D:7      | Killed a wizard
  9043 | D:7      | Reached skill level 8 in Evocations
  9474 | D:8      | Found a sparkling altar of Nemelex Xobeh.
  9490 | D:8      | Noticed Grum
  9494 | D:8      | Killed Grum
  9532 | D:8      | Reached skill level 1 in Shields
  9787 | D:8      | Reached XP level 11. HP: 39/57 MP: 15/15
  9939 | D:8      | Reached skill level 5 in Hexes
 10501 | D:8      | Learned a level 3 spell: Regeneration
 10612 | D:8      | Gained mutation: You are resistant to hostile enchantments. (MR+) [mutagenic meat]
 10613 | D:8      | Gained mutation: Scrolls take you a little longer to read. [mutagenic meat]
 10614 | D:8      | Gained mutation: Armour fits poorly on your strangely shaped body. [mutagenic meat]
 10615 | D:8      | Gained mutation: Potions are less effective at restoring your health. [mutagenic meat]
 10616 | D:8      | Lost mutation: Potions are less effective at restoring your health. [mutagenic meat]
 10617 | D:8      | Lost mutation: Scrolls take you a little longer to read. [potion of mutation]
 10617 | D:8      | Lost mutation: Your magical capacity is low. (-10% MP) [potion of mutation]
 10617 | D:8      | Gained mutation: Your natural rate of healing is unusually fast. [potion of mutation]
 10617 | D:8      | Gained mutation: You are somewhat resistant to further mutation. [potion of mutation]
 10820 | D:8      | Reached * piety under Ashenzari
 11279 | D:9      | Reached skill level 1 in Necromancy
 11304 | D:9      | Reached skill level 9 in Evocations
 11812 | D:9      | Found a staircase to the Lair.
 12393 | D:10     | Entered Level 10 of the Dungeon
 12870 | D:10     | Found a staircase to the Orcish Mines.
 13095 | D:10     | Reached skill level 10 in Evocations
 13124 | D:10     | Noticed a two-headed ogre
 13150 | D:10     | Killed a two-headed ogre
 13150 | D:10     | Reached XP level 12. HP: 44/62 MP: 19/19
 13866 | D:11     | Reached skill level 5 in Necromancy
 14147 | D:11     | Reached skill level 5 in Shields
 14253 | D:12     | Noticed an eight-headed hydra
 14329 | D:12     | Noticed a five-headed hydra
 14353 | D:11     | Killed a five-headed hydra
 14522 | D:11     | Noticed a two-headed ogre
 14649 | D:12     | Noticed an unseen horror
 14660 | D:12     | Killed an unseen horror
 14660 | D:12     | Reached skill level 1 in Spellcasting
 14671 | D:12     | Reached ** piety under Ashenzari
 14714 | D:12     | Noticed an unseen horror
 14731 | D:12     | Killed an unseen horror
 14763 | D:12     | Killed an eight-headed hydra
 14888 | D:12     | Noticed a soul eater
 15217 | D:12     | Reached XP level 13. HP: 63/66 MP: 7/20
 15234 | D:12     | Found a radiant altar of Vehumet.
 15263 | D:13     | Found Suibrid's Gadget Boutique.
 15513 | D:13     | Noticed a centaur warrior
 15520 | D:13     | Killed a centaur warrior
 15604 | D:13     | Found a gate to the Vaults.
 15981 | D:13     | Reached skill level 5 in Spellcasting
 16365 | Lair:1   | Entered Level 1 of the Lair of Beasts
 16691 | Lair:1   | Reached skill level 1 in Charms
 17130 | Lair:1   | Reached *** piety under Ashenzari
 17924 | Lair:2   | Reached skill level 5 in Fighting
 18952 | Lair:3   | Identified the +7 rapier "Ogrebane" {pierce, rElec Str-5 Int+2 Dex+4}
 18953 | Lair:3   | Reached **** piety under Ashenzari
 19252 | Lair:3   | Found a staircase to the Shoals.
 19434 | Lair:3   | Reached skill level 11 in Evocations
 20375 | Lair:4   | Found a hole to the Spider Nest.
 20498 | Lair:4   | Reached XP level 14. HP: 80/80 MP: 24/24
 20546 | Lair:4   | Reached ***** piety under Ashenzari
 21312 | Lair:5   | Found a runed door.
 21312 | Lair:5   | Found a viscous altar of Jiyva.
 21312 | Lair:5   | Found a staircase to the Slime Pits.
 21312 | Lair:5   | Noticed an acid blob
 21312 | Lair:5   | Noticed an acid blob
 21393 | Lair:5   | Noticed an entropy weaver
 21402 | Lair:5   | Noticed an entropy weaver
 21403 | Lair:5   | Killed an entropy weaver
 21417 | Lair:5   | Killed an entropy weaver
 22083 | Lair:5   | Reached skill level 12 in Evocations
 22169 | Lair:6   | Entered Level 6 of the Lair of Beasts
 22694 | Lair:6   | Learned a level 4 spell: Petrify
 22700 | Lair:6   | Learned a level 5 spell: Lee's Rapid Deconstruction
 22828 | Lair:6   | Reached skill level 1 in Earth Magic
 22849 | Lair:6   | Reached skill level 1 in Transmutations
 23315 | Lair:6   | Noticed Nessos
 23336 | Lair:6   | Killed Nessos
 23344 | Lair:6   | HP: 4/84 [blink frog (12)]
 23530 | Lair:6   | Reached XP level 15. HP: 79/88 MP: 27/27
 24119 | Lair:6   | Identified the amulet "Keveukuf" {Faith rN+}
 24766 | Lair:6   | Reached skill level 13 in Evocations
 26015 | D:14     | Reached ****** piety under Ashenzari
 26048 | D:14     | Noticed Rupert
 26055 | D:14     | Paralysed by Rupert for 6 turns
 26126 | D:14     | Killed Rupert
 26448 | D:14     | Reached skill level 5 in Transmutations
 26742 | D:14     | Reached skill level 5 in Earth Magic
 27061 | D:14     | Noticed Urug
 27081 | D:14     | Killed Urug
 27114 | D:15     | Entered Level 15 of the Dungeon
 27285 | D:15     | Found a staircase to the Depths.
 27450 | D:15     | Reached skill level 10 in Spellcasting
 27469 | D:15     | Reached XP level 16. HP: 94/96 MP: 28/30
 27989 | D:15     | Noticed Sonja
 27990 | D:15     | Killed Sonja
 28098 | D:15     | Found a runed door.
 28123 | D:15     | Noticed a tengu reaver
 28123 | D:15     | Noticed a fire giant
 28141 | D:15     | Killed a fire giant
 28150 | D:15     | Killed a tengu reaver
 28847 | D:15     | Identified the +1 trident "Lirurph" {speed, rElec}
 28969 | D:9      | Identified the +1 trident "Lirurph" {speed, rElec}
 29164 | D:4      | Bought the +9 dagger of the Queen {speed, MR++} for 863 gold pieces
 29322 | Orc:1    | Entered Level 1 of the Orcish Mines
 29972 | Orc:2    | Entered Level 2 of the Orcish Mines
 29979 | Orc:2    | Found a roughly hewn altar of Beogh.
 30073 | Orc:2    | Found a staircase to the Elven Halls.
 30146 | Orc:2    | Found a roughly hewn altar of Beogh.
 30240 | Orc:2    | Found a roughly hewn altar of Beogh.
 30334 | Orc:2    | Found a roughly hewn altar of Beogh.
 30603 | Orc:2    | Found a roughly hewn altar of Beogh.
 30692 | Orc:2    | Found a roughly hewn altar of Beogh.
 30696 | Orc:2    | Found Raareudgh's General Store.
 30742 | Orc:2    | Found a roughly hewn altar of Beogh.
 30813 | Orc:2    | Found a roughly hewn altar of Beogh.
 30820 | Orc:2    | Found Founish's Magic Scroll Shop.
 30841 | Orc:2    | Bought a scroll of immolation for 45 gold pieces
 30841 | Orc:2    | Bought a scroll of immolation for 45 gold pieces
 30841 | Orc:2    | Bought a scroll of acquirement for 676 gold pieces
 30842 | Orc:2    | Identified the cursed +1 pair of boots of the Great Game {Dex+3} (You acquired it on level 2 of the Orcish Mines)
 30960 | Orc:2    | Found a roughly hewn altar of Beogh.
 31062 | Orc:2    | Found a roughly hewn altar of Beogh.
 31063 | Orc:2    | Found Afrutteh's Antique Armour Shoppe.
 31063 | Orc:2    | Found Heulau's Antique Weapon Emporium.
 31078 | Orc:2    | Bought a warped dagger for 252 gold pieces
 31078 | Orc:2    | Identified the +4 dagger "Gram" {freeze, Stlth+} (You bought it in a shop on level 2 of the Orcish Mines)
 31629 | Spider:1 | Entered Level 1 of the Spider Nest
 32202 | Spider:1 | Reached skill level 14 in Evocations
 32591 | Spider:1 | Reached XP level 17. HP: 94/100 MP: 32/32
 34428 | Spider:3 | Reached skill level 10 in Fighting
 35705 | Spider:4 | Entered Level 4 of the Spider Nest
 35795 | Spider:4 | Reached skill level 15 in Evocations
 35963 | Spider:4 | Paralysed by a hornet for 3 turns
 36411 | Spider:4 | HP: 5/102 [poisoned by a redback]
 37191 | Spider:4 | Reached XP level 18. HP: 49/108 MP: 0/34
 37785 | Spider:4 | Paralysed by a hornet for 3 turns
 37954 | Spider:4 | Got a gossamer rune of Zot
 38427 | Shoals:1 | Entered Level 1 of the Shoals
 38479 | Shoals:1 | Reached skill level 10 in Earth Magic
 39082 | Shoals:2 | Lost mutation: Armour fits poorly on your strangely shaped body. [potion of mutation]
 39082 | Shoals:2 | Lost mutation: Your movements are slightly less encumbered by armour. (ER -2) [potion of mutation]
 39082 | Shoals:2 | Lost mutation: You are somewhat resistant to further mutation. [potion of mutation]
 39082 | Shoals:2 | Lost mutation: You are resistant to hostile enchantments. (MR+) [potion of mutation]
 39082 | Shoals:2 | Lost mutation: Your natural rate of healing is unusually fast. [potion of mutation]
 39082 | Shoals:2 | Lost mutation: You have a pair of small antennae on your head. [potion of mutation]
 39082 | Shoals:2 | Gained mutation: You are partially covered in thin metallic scales. (AC +2) [potion of mutation]
 39082 | Shoals:2 | Lost mutation: You are partially covered in thin metallic scales. (AC +2) [potion of mutation]
 39082 | Shoals:2 | Gained mutation: You have a pair of small horns on your head. [potion of mutation]
 40174 | Shoals:2 | Noticed Frances
 40199 | Shoals:2 | Gained mutation: Your body sometimes deteriorates upon taking damage. [a neqoxec]
 40258 | Shoals:2 | Killed Frances
 40258 | Shoals:2 | Reached skill level 16 in Evocations
 41038 | Shoals:3 | Noticed Mara
 41044 | Shoals:3 | Noticed KristoblXynda's illusion
 41114 | Shoals:4 | Entered Level 4 of the Shoals
 41206 | Shoals:4 | Noticed Ilsuiw
 41472 | Shoals:4 | Identified the Collected Works on Summoning and Conjuration
 41481 | Shoals:4 | Learned a level 5 spell: Summon Forest
 41570 | Shoals:4 | Killed Ilsuiw
 41570 | Shoals:4 | Reached skill level 1 in Translocations
 41582 | Shoals:4 | HP: 5/110 [harpy (6)]
 41583 | Shoals:4 | Mangled by a harpy

Vault maps used:
D:1:      dpeg_arrival_houses_and_road
D:2:      minmay_split_cup_large, uniq_crazy_yiuf_cottage
D:3:      uniq_terence
D:4:      first_bread, serial_shops, shop_fountains, serial_forest,
          infiniplex_forest_clump_long, infiniplex_forest_clump_diagonal,
          infiniplex_forest_pool, infiniplex_forest_lined_1,
          infiniplex_forest_clump_tiny, infiniplex_forest_end_1,
          infiniplex_forest_lined_corner, enter_ossuary_3, interstate_on_off,
          columned_hall_lemuel, uniq_ijyb
D:5:      minmay_goblin_kobold_castle, uniq_sigmund
D:6:      minmay_temple_entry_junction_2, nicolae_zen_rock_garden
D:7:      cheibrodos_wizards_tower, uniq_pikel
D:8:      overflow_temple_1_default, uniq_grum
D:9:      grunt_lair_entry_orc_guard_hut
D:10:     orc_0_dummy, hangedman_stone_soup
D:12:     basic_altar
D:13:     erik_vaults_1, serial_shops, shop
D:14:     bh_walls_and_bars, uniq_urug, uniq_rupert
D:15:     gammafunk_depths_entry_grave, minmay_misc_feat_roman, minivault_13,
          uniq_sonja
Temple:   regret_index_temple_sigil_plot
Lair:1:   lemuel_fruit_fields, lemuel_fruit_tree
Lair:2:   serial_forest, infiniplex_forest_end_2, infiniplex_forest_lined_1,
          infiniplex_forest_clump_small, infiniplex_forest_clump_long,
          infiniplex_forest_lined_4_way
Lair:3:   elwin_shoals_entry_rocks, special_room, bh_chokoban,
          serial_bayou_shore_b
Lair:4:   spider_nest_entry_web_field, grunt_forest_small_clearings
Lair:5:   slime_altar_2, zaba_anthell, minmay_lair_oklob_chamber,
          grunt_megastairs_2
Lair:6:   hangedman_lair_in_review, guppyfry_lair_end_dragon,
          kilobyte_rumbling_trees, uniq_nessos
Shoals:1: nicolae_shoals_mertower
Shoals:2: uniq_frances
Shoals:3: uniq_kirke, uniq_polyphemus, uniq_mara
Shoals:4: shoals_end_hangedman, shoals_ilsuiw_ice, uniq_bai_suzhen
Spider:4: spider_rune_water
Orc:2:    grunt_orc_community_town_hall, grunt_orc_community_big_house_2,
          grunt_orc_community_big_house_2, grunt_orc_community_house_3,
          grunt_orc_community_house_2, grunt_orc_community_house_3,
          grunt_orc_community_house_3, grunt_orc_community_house_1,
          grunt_orc_community_house_2, hangedman_feature_mirror
Ossuary:  ossuary_crypta

Skill      XL: |  1  2  3  4  5  6  7  8  9 10 11 12 13 14 15 16 17 18 |
---------------+-------------------------------------------------------+-----
Short Blades   | 3 4 5 7 8 |  8.7
Dodging        | 2 3 4 5 6 7 |  7.8
Stealth        | 6 7 8 9 10 12 13 14 | 14.1
Evocations     | 2 3 5 6 8 10 11 12 13 14 15 16 | 16.2
Armour         | 1 2 3 4 5 6 |  6.0
Hexes          | 2 4 6 8 9 |  9.1
Shields        | 1 4 5 |  5.3
Necromancy     | 4 5 |  5.7
Spellcasting   | 3 6 8 10 11 12 13 | 13.6
Fighting       | 6 8 9 10 11 | 11.5
Charms         | 3 4 |  4.8
Earth Magic    | 2 5 8 9 10 | 10.8
Transmutations | 2 5 7 |  7.0
Throwing       | 4 |  4.0
Translocations | 1 |  1.0

Action                   |  1- 3 |  4- 6 |  7- 9 | 10-12 | 13-15 | 16-18 || total
-------------------------+-------+-------+-------+-------+-------+-------++-------
Melee: Dagger            |   139 |   179 |   452 |   852 |       |  1606 ||  3228
       Short sword       |       |    19 |    28 |   329 |  1926 |   286 ||  2588
       Headbutt          |       |       |       |       |       |    27 ||    27
 Fire: Blowgun           |     7 |    11 |     6 |       |       |       ||    24
 Cast: Confuse           |       |       |       |    20 |   134 |   227 ||   381
       Petrify           |       |       |       |       |       |    60 ||    60
       Lee's Rapid Decon |       |       |       |       |       |    21 ||    21
       Regeneration      |       |       |       |       |       |    10 ||    10
Invok: Curse Item        |       |       |     2 |     3 |     2 |     2 ||     9
Evoke: Wand              |       |       |     6 |    32 |    34 |    45 ||   117
       Sack of spiders   |       |       |       |       |     4 |    13 ||    17
       Crystal ball of e |       |       |       |       |       |     1 ||     1
  Use: Scroll            |       |    13 |     9 |    20 |    18 |    13 ||    73
       Potion            |       |     2 |     1 |     9 |     7 |    21 ||    40
 Stab: Sleeping          |     7 |    11 |    11 |    22 |    36 |    58 ||   145
       Distracted        |     1 |     1 |       |     2 |     1 |    14 ||    19
       Paralysed         |       |       |       |    10 |     5 |     3 ||    18
       Confused          |       |       |       |     9 |    80 |   110 ||   199
       Invisible         |       |       |       |       |    18 |       ||    18
       Held in net/web   |       |       |       |       |     4 |       ||     4
       Petrified         |       |       |       |       |       |    20 ||    20
       Petrifying        |       |       |       |       |       |     2 ||     2
  Eat: Chunk             |     9 |     3 |    15 |    35 |    37 |    32 ||   131
       Royal jelly       |       |       |       |       |     2 |     4 ||     6
       Meat ration       |       |       |       |       |       |     1 ||     1
Armor: Robe              |    38 |    29 |     5 |       |       |       ||    72
       Leather armour    |       |       |    83 |   258 |   204 |   253 ||   798
Dodge: Dodged            |   102 |   124 |   414 |  1042 |  1002 |  1119 ||  3803
Block: Buckler           |       |       |       |   339 |   523 |   546 ||  1408
